 Dungeon Crawl Stone Soup version 0.25.1-2-g60ff931df9 (webtiles) character file.

Game seed: 6448639869300414287

90 axecop the Ruffian (level 4, -10/38 HPs)
             Began as a Centaur Abyssal Knight on Nov 6, 2020.
             Was a Follower of Lugonu.
             Shot with an arrow by a centaur (11 damage)
             ... on level 2 of the Dungeon.
             The game lasted 00:02:23 (2918 turns).

axecop the Ruffian (Centaur Abyssal Knight)         Turns: 2918, Time: 00:02:23

Health: -10/38     AC:  5    Str: 15 (16) XL:     4   Next: 32%
Magic:  5/5        EV:  9    Int:  8 (11) God:    Lugonu [*.....]
Gold:   166        SH:  0    Dex:  6 (8)  Spells: 3/3 levels left

rFire    . . .     SeeInvis .     - Unarmed
rCold    . . .     Gourm    .   (no shield)
rNeg     . . .     Faith    .   a - +0 leather armour
rPois    .         Spirit   .   (no helmet)
rElec    .         Reflect  .   j - +0 cloak
rCorr    .         Harm     .   (no gloves)
MR       .....                  (no barding)
Stlth    ..........             (no amulet)
HPRegen  0.12/turn              (no ring)
MPRegen  0.09/turn              (no ring)

@: mighty, brilliant, about to teleport, very slightly contaminated, invisible,
very quick
A: large, hooves 3, deformed body, speed 2, tough skin 3
a: Depart the Abyss, Renounce Religion


You were on level 2 of the Dungeon.
You worshipped Lugonu.
Lugonu was aware of your devotion.
You were hungry.

You visited 1 branch of the dungeon, and saw 3 of its levels.
You visited the Abyss 1 time.

You collected 166 gold pieces.

Inventory:

Hand Weapons
 c - a +2 short sword of holy wrath
Missiles
 h - 12 bolts
 n - 19 poisoned darts (quivered)
 q - a throwing net
 r - 11 arrows
Armour
 a - a +0 leather armour (worn)
 j - a +0 cloak (worn)
Scrolls
 d - 2 scrolls of teleportation
 e - 2 scrolls of noise {unknown}
 i - 2 scrolls of enchant weapon {unknown}
 k - 2 scrolls of immolation {unknown}
 p - a scroll of remove curse {unknown}
Comestibles
 b - 6 rations


   Skills:
 - Level 3.0 Fighting
 - Level 1.3 Armour
 - Level 0.6 Dodging
 + Level 4.6 Unarmed Combat
 - Level 2.0 Invocations


You had 3 spell levels left.
You didn't know any spells.
Your spell library was empty.

Dungeon Overview and Level Annotations

Branches:
Dungeon (3/15)

Altars:
Wu Jian


Innate Abilities, Weirdness & Mutations

You have hooves in place of feet.
Armour fits poorly on your strangely shaped body.
You cover ground very quickly.
You have extremely tough skin. (AC +3)


Message History

You fade into invisibility!
The adder bites you.
* * * LOW HITPOINT WARNING * * *
The centaur shoots an arrow.
The arrow closely misses the adder.
The arrow hits you!
* * * LOW HITPOINT WARNING * * *
The adder barely misses you.
You are very lightly contaminated with residual magic.
Okay, then.
The centaur shoots an arrow.
The arrow hits the adder!
The adder dies!
As you read the scroll of teleportation, it crumbles to dust.
You feel strangely unstable.
* * * LOW HITPOINT WARNING * * *
You feel sick.
You are no longer poisoned.
The centaur shoots an arrow.
The arrow closely misses you.
The centaur shoots an arrow.
The arrow closely misses you.
The centaur shoots an arrow.
The arrow hits you!
You die...

..<#.#.##.........#
...#.#.<#########.#
.#.#.##.## #.#
.#.#.##..# #.#
.#.#.###.## #.#
.#.#.# #..# #.#
...#.# #..# #.#
.....####.#######.##
...........c((..@.(#
#########.(######..#
..# #.># #..# #.#
##.# #..# #.# #.#
#..# #.# #.# #..#
#.# #.# #..# #.# #.#
###..# #.# #.#
#....#


You could see a centaur.

Vanquished Creatures
  An iguana (D:2)
  3 adders (D:2)
  A worm (D:2)
  A ball python (D:1)
  6 bats
  A giant cockroach (D:2)
  5 hobgoblins
  3 frilled lizards
  4 goblins
  5 kobolds
30 creatures vanquished.

Vanquished Creatures (others)
  An adder (D:2)
1 creature vanquished.

Grand Total: 31 creatures vanquished

Notes
Turn   | Place    | Note
-------+----------+-------------------------------------------
     0 | Abyss:1  | axecop the Centaur Abyssal Knight began the quest for the
                  | Orb.
     0 | Abyss:1  | Reached XP level 1. HP: 19/19 MP: 2/2
    36 | Abyss:1  | Found a corrupted altar of Lugonu.
    63 | Abyss:1  | Noticed a smoke demon
    64 | Abyss:1  | Noticed a large abomination
    95 | Abyss:1  | Noticed a spatial vortex
    96 | Abyss:1  | Noticed a spatial vortex
    97 | Abyss:1  | Noticed a spatial maelstrom
    97 | Abyss:1  | Noticed a spatial vortex
    97 | Abyss:1  | Noticed a spatial vortex
    97 | Abyss:1  | Noticed a spatial vortex
    97 | Abyss:1  | Noticed a spatial vortex
    97 | Abyss:1  | Noticed a spatial vortex
    98 | Abyss:1  | Noticed a spatial vortex
   101 | Abyss:1  | Noticed a spatial vortex
   102 | Abyss:1  | Noticed a spatial vortex
   104 | Abyss:1  | Noticed a spatial vortex
   106 | Abyss:1  | Noticed a spatial vortex
   107 | Abyss:1  | Noticed a spatial vortex
   108 | D:1      | Escaped the Abyss
   558 | D:1      | Reached XP level 2. HP: 25/26 MP: 3/3
   862 | D:1      | Reached * piety under Lugonu
   862 | D:1      | Reached skill level 3 in Unarmed Combat
  1272 | D:2      | Found an ornate altar of the Wu Jian Council.
  1372 | D:2      | Reached XP level 3. HP: 29/31 MP: 4/4
  1565 | D:2      | Reached skill level 4 in Unarmed Combat
  1565 | D:2      | Reached XP level 4. HP: 11/38 MP: 5/5
  2622 | D:3      | Noticed a centaur
  2916 | D:2      | HP: 1/38 [poisoned by an adder]
  2918 | D:2      | Shot with an arrow by a centaur

Illustrated notes

Levels and vault maps discovered:
D:1:      matt_arrival_los_fun, layout_loops_corners, serial_forest,
          infiniplex_forest_lined_4_way, infiniplex_forest_clump_medium,
          infiniplex_forest_lined_corner, infiniplex_forest_clump_curved,
          infiniplex_forest_lined_room_, infiniplex_forest_lined_room_,
          chequers_hall_statues_wall_a
D:2:      layout_basic, nicolae_overflow_crystal_walls
D:3:      kennysheep_slugbush, layout_basic, first_ration

Skill      XL: |  1  2  3 |
---------------+----------+-----
Unarmed Combat | 3 4 |  4.6
Fighting       | |  3.0
Armour         | |  1.3
Dodging        | |  0.6
Invocations    | |  2.0

Action                   |  1- 3 |  4- 6 || total
-------------------------+-------+-------++-------
Melee: Unarmed           |    73 |    28 ||   101
       Kick              |    12 |     3 ||    15
Invok: Depart the Abyss  |     1 |       ||     1
  Use: Scroll            |     1 |     1 ||     2
       Potion            |       |     4 ||     4
  Eat: Chunk             |     1 |     3 ||     4
Armor: Leather armour    |    28 |    12 ||    40
Dodge: Dodged            |    37 |    24 ||    61
